 Dungeon Crawl Stone Soup version 0.21.1-1-g345015f (webtiles) character file.

68790 TekLeader the Eclecticist (level 14, 0/72 HPs)
             Began as a Deep Elf Summoner on Mar 5, 2018.
             Was the Champion of Vehumet.
             Shot with an arrow by a deep elf archer (35 damage)
             ... on level 1 of the Elven Halls on Mar 13, 2018.
             The game lasted 09:45:55 (28481 turns).

TekLeader the Eclecticist (Deep Elf Summoner)      Turns: 28481, Time: 09:45:55

Health: 0/72       AC:  9    Str:  7    XL:     14   Next: 88%
Magic:  31/49      EV: 16    Int: 23    God:    Vehumet [******]
Gold:   1499       SH:  3    Dex: 16    Spells: 0/46 levels left

rFire    + . .     SeeInvis .   e - +2 dagger (elec)
rCold    + . .     Gourm    .   (no shield)
rNeg     . . .     Faith    .   q - +2 robe {MR+}
rPois    .         Spirit   .   G - +0 Maxwell's etheric cage {RegenMP+ *Contam rElec MP+4}
rElec    +         Reflect  +   B - scarf {rC+ rF+}
rCorr    .         Harm     .   a - +1 pair of gloves
MR       +++..                  N - +2 pair of boots {run}
Stlth    ++++......             D - +3 amulet of reflection
HPRegen  0.62/turn              h - ring of magical power MPRegen 0.81/turn*
                                b - ring of protection from magic

@: quick
A: deformed body, regeneration 1
a: Renounce Religion


You were on level 1 of the Elven Halls.
You worshipped Vehumet.
Vehumet was exalted by your worship.
You were not hungry.

You visited 4 branches of the dungeon, and saw 20 of its levels.
You also visited: Ice Cave and Volcano.

You collected 2654 gold pieces.
You spent 1155 gold pieces at shops.

Inventory:

Hand Weapons
 e - a +2 dagger of electrocution (weapon)
 y - a +0 quick blade of flaming
 C - a +7 spear of freezing
 V - a +2 short sword of holy wrath
Missiles
 o - 39 tomahawks (quivered)
Armour
 a - a +1 pair of gloves (worn)
 n - a +1 leather armour of poison resistance
 q - a +2 robe of magic resistance (worn)
 B - a scarf of resistance (worn)
 G - the +0 Maxwell's etheric cage (worn) {RegenMP+ *Contam rElec MP+4}
   (You bought it in a shop on level 2 of the Orcish Mines)

   It insulates you from electricity.
   It affects your magic capacity (+4).
   It causes magical contamination when unequipped.
 M - a +2 robe of fire resistance
 N - a +2 pair of boots of running (worn)
 O - a +2 robe of positive energy
Jewellery
 b - a ring of protection from magic (right hand)
 g - an uncursed ring of ice
 h - a ring of magical power (left hand)
 i - an uncursed ring of see invisible
 s - an uncursed ring of positive energy
 D - a +3 amulet of reflection (around neck)
 P - an uncursed amulet of magic regeneration
Wands
 j - a wand of digging (23)
 k - a wand of disintegration (16)
 E - a wand of paralysis (18)
 F - a wand of random effects (42)
 I - a wand of flame (29)
 K - a wand of enslavement (15)
 L - a wand of polymorph (26)
 Y - a wand of iceblast (27)
Scrolls
 d - 6 scrolls of teleportation
 f - 2 scrolls of magic mapping
 t - 12 scrolls of remove curse
 H - a scroll of identify
 R - 2 scrolls of amnesia
 U - a scroll of blinking
 X - 4 scrolls of fog
Potions
 r - 6 potions of flight
 u - a potion of heal wounds
 z - 3 potions of brilliance
 A - 11 potions of curing
 Z - 2 potions of haste
Books
 w - a book of Callings

   Spells                             Type                      Level
   a - Summon Small Mammal            Summoning                    1
   b - Call Imp                       Summoning                    2
   c - Call Canine Familiar           Summoning                    3
   d - Summon Guardian Golem          Hexes/Summoning              3
   e - Summon Lightning Spire         Summoning/Air                4
   f - Summon Ice Beast               Ice/Summoning                4
 x - a book of Ice

   Spells                             Type                      Level
   a - Ice Form                       Ice/Transmutation            4
   b - Metabolic Englaciation         Hexes/Ice                    5
   c - Ozocubu's Refrigeration        Ice                          6
   d - Bolt of Cold                   Conjuration/Ice              6
   e - Freezing Cloud                 Conjuration/Ice/Air          6
   f - Simulacrum                     Ice/Necromancy               6
Miscellaneous
 S - a box of beasts
Comestibles
 c - 22 rations
 l - a chunk of flesh


   Skills:
 + Level 2.7 Fighting
 + Level 2.7 Short Blades
 + Level 1.9 Polearms
 + Level 1.6 Throwing
 + Level 6.2 Dodging
 + Level 7.0 Stealth
 + Level 16.8 Spellcasting
 + Level 9.9 Conjurations
   Level 2.3 Hexes
 + Level 10.5 Summonings
 + Level 2.9 Transmutations
 + Level 3.2 Fire Magic
 + Level 7.6 Ice Magic
 + Level 8.3 Air Magic
 + Level 8.3 Earth Magic
 + Level 7.8 Poison Magic
 + Level 8.2 Evocations


You couldn't memorise any spells.
You knew the following spells:

 Your Spells              Type           Power        Failure   Level  Hunger
a - Stone Arrow           Conj/Erth      ######       1%          3    None
b - Spellforged Servitor  Conj/Summ      ######....   10%         7    ######.
c - Call Canine Familiar  Summ           ######..     1%          3    None
d - Conjure Ball Lightni  Conj/Air       ######....   2%          6    ####...
e - Shock                 Conj/Air       ####         1%          1    None
f - Summon Lightning Spi  Summ/Air       ######..     1%          4    None
g - Freeze                Ice            ####         1%          1    None
h - Summon Ice Beast      Ice/Summ       ######..     1%          4    None
i - Mephitic Cloud        Conj/Pois/Air  ######..     1%          3    None
j - Ignite Poison         Fire/Tmut/Pois #####...     1%          3    None
k - Ozocubu's Refrigerat  Ice            ######....   5%          6    ####...
l - Venom Bolt            Conj/Pois      ######....   1%          5    #......


Dungeon Overview and Level Annotations

Branches:
Dungeon (11/15)            Temple (0/1) D:7            Lair (6/6) D:11
  Swamp (0/4) Lair:4       Spider (0/4) Lair:3          Orc (2/2) D:10
    Elf (1/3) Orc:2
  Slime: Lair:5-6

Altars:
Cheibriados
Fedhas
Gozag
Kikubaaqudgha
Okawaru
Sif Muna
Uskayaw
Vehumet
Wu Jian
Xom
Zin
The Shining One

Shops:
D:4 [   D:9 *   Orc:2 ((*(

Annotations:
Lair:1 exclusion: oklob plant
Lair:2 exclusion: oklob plant
Lair:4 exclusion: oklob plant
Orc:1 Erica


Innate Abilities, Weirdness & Mutations

Armour fits poorly on your strangely shaped body.
Your natural rate of healing is unusually fast.


Message History

The deep elf archer blinks!
The deep elf mage gestures at you while chanting.
The stone arrow misses you.
Casting: Venom Bolt
Confirm with . or Enter, or press ? or * to list all spells.
A chill wind blows around you.
The deep elf archer unwields an uncursed dagger.
The deep elf archer wields an uncursed longbow.
The deep elf archer shoots an arrow.
The arrow hits you!!
The deep elf mage gestures at you while chanting.
The stone arrow misses you.
Put on which piece of jewellery? (? for menu, Esc to quit)
Okay, then.
Casting: Summon Ice Beast
Confirm with . or Enter, or press ? or * to list all spells.
Aiming: Mephitic Cloud
Press: ? - help, Shift-Dir - straight line, p - deep elf archer The ball explodes into a vile cloud!
The deep elf archer shoots an arrow.
The arrow hits you!!
You die...

. .. ...
.... ....#
###.###
##....@+##
#e.....e8.#
+.....Y§..#
#.....§.§§#
#......§§§#
#......§.§#
###.....#+#
###.### ##


You could see a deep elf archer, a deep elf mage, a friendly ice beast and a
friendly lightning spire.

Vanquished Creatures
  Saint Roka (Orc:2)
  A hydra (Lair:6)
  An ice dragon (IceCv)
  A merfolk avatar (Lair:6)
  A centaur warrior (Volcano)
  12 two-headed ogres
  4 ogre magi (Orc:2)
  The ghost of Saba the Imperceptible, a journeyman SpAs of Dithmenos (Lair:2)
  9 death yaks (Lair:6)
  A hell knight (Volcano)
  A lindwurm (Lair:6)
  2 orc knights (Orc:1)
  3 orc sorcerers (Orc:2)
  A manticore (D:11)
  2 ice statues (IceCv)
  7 elephants (Lair:6)
  3 black mambas
  7 spiny frogs
  6 komodo dragons
  8 rime drakes
  2 ice devils (Lair:4)
  4 trolls
  2 hornets
  11 blink frogs
  9 hippogriffs
  5 wyverns
  22 yaks
  A human (D:6)
  5 basilisks
  5 swamp worms (Lair:4)
  A warg (Orc:2)
  12 water moccasins
  10 porcupines
  16 orc warriors
  14 ice beasts
  3 eyes of draining
  A necrophage (D:11)
  27 ogres
  3 wolves (Lair:6)
  7 centaurs
  A big kobold (D:10)
  9 crocodiles
  12 bullfrogs
  A wyvern skeleton (D:8)
  A scorpion (D:9)
  A killer bee (D:11)
  2 wights
  5 electric eels
  2 bullfrog zombies (D:10)
  5 hounds
  2 jellies
  7 orc priests
  A gnoll shaman (D:5)
  2 iguanas
  4 worker ants
  17 orc wizards
  A hound zombie (D:7)
  3 hound skeletons
  A mummy (D:5)
  2 worker ant zombies
  A gnoll (D:6)
  2 adders
  3 shadow imps
  An ooze (D:3)
  A worm (D:2)
  A dart slug (D:3)
  A leopard gecko (D:1)
  67 orcs
  3 giant cockroaches
  4 goblins
  5 hobgoblins
  13 jackals
  4 quokkas
  A ball python skeleton (D:4)
  4 bats
  6 frilled lizards
  A hobgoblin zombie (D:5)
  9 kobolds
  An orc zombie (D:5)
  A quokka skeleton (D:5)
  A quokka zombie (D:5)
  5 rats
  10 fungi
  2 plants
458 creatures vanquished.

Vanquished Creatures (collateral kills)
  Rupert (Lair:5)
  A dire elephant (Lair:6)
  An ice dragon (IceCv)
  4 hydras
  A death yak (Lair:6)
  Nergalle (Orc:1)
  A skeletal warrior (D:10)
  A sea snake (Lair:6)
  Pikel (D:5)
  2 orc knights (Orc:2)
  The ghost of meatpath the Skirmisher, a novice GrFi (D:6)
  3 elephants (Lair:6)
  A manticore (Lair:6)
  3 spiny frogs
  2 gargoyles
  A centaur skeleton (D:9)
  A black mamba (Lair:5)
  Psyche (D:9)
  A rime drake (Lair:3)
  A troll (D:8)
  A polar bear (Lair:6)
  The ghost of ChromeMolly the Sneak, an amateur OpFi (D:5)
  3 hippogriffs
  3 blink frogs
  A wyvern (Lair:6)
  A spriggan (D:8)
  A wraith (D:10)
  A water elemental (D:11)
  Eustachio (D:6)
  5 yaks
  2 basilisks (Lair:4)
  3 humans
  A warg (Orc:2)
  A swamp worm (Lair:4)
  Edmund (D:5)
  5 water moccasins
  A slave (D:5)
  A black bear (D:7)
  2 porcupines
  3 phantoms
  8 orc warriors
  A sky beast (D:7)
  3 ice beasts
  10 ogres
  2 centaurs
  7 wolves
  2 crocodiles
  6 bullfrogs
  A wyvern zombie (D:11)
  A scorpion (D:7)
  A killer bee (D:11)
  8 wights
  A howler monkey (D:6)
  3 electric eels
  A centaur zombie (D:11)
  A jelly (D:8)
  A quasit (D:9)
  3 hounds
  4 orc priests
  10 orc wizards
  6 worker ants
  8 adders
  7 gnolls
  A worm (D:3)
  2 dart slugs (D:1)
  26 orcs
  3 goblins
  6 hobgoblins
  8 jackals
  2 quokkas
  3 bats
  A frilled lizard (D:1)
  A hobgoblin zombie (D:5)
  6 kobolds
  An orc zombie (D:5)
222 creatures vanquished.

Vanquished Creatures (others)
  7 ball lightnings
  A human (D:6)
  4 bushes (Lair:6)
  6 fungi
  13 plants
31 creatures vanquished.

Grand Total: 711 creatures vanquished

Notes
Turn   | Place    | Note
-------+----------+-------------------------------------------
     0 | D:1      | TekLeader the Deep Elf Summoner began the quest for the Orb.
     0 | D:1      | Reached XP level 1. HP: 10/10 MP: 6/6
   465 | D:1      | Reached XP level 2. HP: 15/15 MP: 6/8
   469 | D:1      | Learned a level 2 spell: Call Imp
  1283 | D:2      | Found a radiant altar of Vehumet.
  1312 | D:2      | Reached XP level 3. HP: 17/19 MP: 4/9
  1327 | D:2      | Became a worshipper of Vehumet
  1387 | D:2      | Learned a level 3 spell: Call Canine Familiar
  1703 | D:2      | Learned a level 3 spell: Summon Guardian Golem
  1718 | D:2      | Reached skill level 1 in Short Blades
  2228 | D:3      | Reached skill level 1 in Fighting
  2228 | D:3      | Reached XP level 4. HP: 20/25 MP: 8/11
  2773 | D:3      | Reached * piety under Vehumet
  2773 | D:3      | Offered knowledge of Shock by Vehumet.
  3113 | D:3      | Found a glowing silver altar of Zin.
  3113 | D:3      | Found an opulent altar of Gozag.
  3119 | D:3      | Found an ornate altar of the Wu Jian Council.
  3121 | D:3      | Found a blossoming altar of Fedhas.
  3122 | D:3      | Found an ancient bone altar of Kikubaaqudgha.
  3263 | D:3      | Learned a level 1 spell: Shock
  3667 | D:3      | Reached skill level 5 in Summonings
  3667 | D:3      | Reached XP level 5. HP: 29/29 MP: 4/12
  4095 | D:4      | Found Yraogatu's Armour Emporium.
  4103 | D:4      | Noticed a phantom
  4111 | D:4      | Reached skill level 4 in Spellcasting
  4877 | D:4      | Killed a phantom
  4925 | D:4      | Reached skill level 1 in Throwing
  4925 | D:4      | Reached XP level 6. HP: 16/35 MP: 7/14
  5520 | D:5      | Entered Level 5 of the Dungeon
  5609 | D:5      | Noticed Edmund
  5692 | D:5      | Learned a level 4 spell: Summon Lightning Spire
  5706 | D:5      | Noticed ChromeMolly's ghost (amateur OpFi)
  6072 | D:5      | Noticed a slave
  6083 | D:5      | Noticed a slave
  6083 | D:5      | Noticed a slave
  6229 | D:5      | Noticed Pikel
  6232 | D:5      | Noticed a slave
  6262 | D:5      | You fall through a shaft!
  6374 | D:6      | Noticed Eustachio
  6754 | D:5      | Found an iron altar of Okawaru.
  7527 | D:5      | Offered knowledge of Freeze by Vehumet.
  7559 | D:5      | Reached ** piety under Vehumet
  7559 | D:5      | Killed Pikel
  7559 | D:5      | Reached skill level 5 in Spellcasting
  7559 | D:5      | Reached XP level 7. HP: 17/40 MP: 0/17
  7872 | D:5      | Learned a level 1 spell: Freeze
  7960 | D:6      | Reached skill level 5 in Stealth
  8277 | D:6      | Noticed meatpath's ghost (novice GrFi)
  8294 | D:6      | Noticed a human
  8294 | D:6      | Noticed a human
  8298 | D:6      | Noticed a human
  8300 | D:6      | Noticed a human
  8561 | D:5      | Gained mutation: You are robust. (+10% HP) [potion of mutation]
  8561 | D:5      | Gained mutation: You are partially covered in iridescent scales. (AC +2) [potion of mutation]
  8875 | D:5      | Killed ChromeMolly's ghost
  9088 | D:5      | Killed Edmund
  9088 | D:5      | Reached skill level 6 in Spellcasting
  9209 | D:5      | Reached skill level 1 in Hexes
  9477 | D:5      | Killed a human
  9477 | D:5      | Reached XP level 8. HP: 48/48 MP: 0/19
  9876 | D:6      | Reached skill level 7 in Spellcasting
 10411 | D:6      | Killed meatpath's ghost
 10411 | D:6      | Reached skill level 5 in Dodging
 10411 | D:6      | Reached skill level 8 in Spellcasting
 10595 | D:6      | Killed Eustachio
 10602 | D:6      | Learned a level 4 spell: Summon Ice Beast
 10956 | D:6      | Offered knowledge of Mephitic Cloud by Vehumet.
 10956 | D:6      | Reached XP level 9. HP: 52/52 MP: 23/23
 10961 | D:6      | Learned a level 3 spell: Mephitic Cloud
 10984 | D:7      | Reached skill level 1 in Ice Magic
 11049 | D:7      | Got a warped chain mail
 11126 | D:7      | Reached *** piety under Vehumet
 11240 | D:7      | Found a staircase to the Ecumenical Temple.
 11580 | D:7      | Reached skill level 1 in Conjurations
 11580 | D:7      | Reached skill level 1 in Evocations
 11751 | D:8      | Offered knowledge of Ignite Poison by Vehumet.
 11773 | D:8      | Learned a level 3 spell: Ignite Poison
 12438 | D:8      | Found a hide-covered altar of Uskayaw.
 12601 | D:8      | Reached skill level 1 in Polearms
 12610 | D:8      | Reached skill level 9 in Spellcasting
 12806 | D:8      | Found a deep blue altar of Sif Muna.
 12851 | D:8      | Noticed a troll
 12861 | D:8      | Killed a troll
 12935 | D:8      | Reached **** piety under Vehumet
 13098 | D:8      | Offered knowledge of Stone Arrow by Vehumet.
 13532 | D:8      | Learned a level 3 spell: Stone Arrow
 13668 | D:9      | Noticed a troll
 13673 | D:9      | Noticed a two-headed ogre
 13677 | D:9      | Reached XP level 10. HP: 47/58 MP: 21/25
 13721 | D:9      | Killed a two-headed ogre
 13939 | D:9      | Noticed Psyche
 13946 | D:9      | Killed Psyche
 14042 | D:9      | Found Xiven's Assorted Antiques.
 14124 | D:9      | Reached skill level 10 in Spellcasting
 14144 | D:9      | Reached skill level 1 in Poison Magic
 14193 | D:9      | Reached skill level 5 in Air Magic
 14831 | D:9      | Found an iron altar of Okawaru.
 15114 | D:10     | Entered Level 10 of the Dungeon
 15137 | D:9      | Identified the +4 chain mail "Kaluev" {*Contam rElec MR+ Str+2} (You found it on level 7 of the Dungeon)
 15158 | D:9      | Gained mutation: Your body sometimes deteriorates upon taking damage. [mutagenic glow]
 15576 | D:10     | Got a smoking scale mail
 15720 | D:10     | Noticed a two-headed ogre
 15729 | D:10     | Killed a two-headed ogre
 15746 | D:10     | Found a snail-covered altar of Cheibriados.
 15756 | D:10     | Reached skill level 5 in Ice Magic
 15848 | D:10     | Reached ***** piety under Vehumet
 15874 | D:10     | Offered knowledge of Conjure Ball Lightning by Vehumet.
 15889 | D:10     | Found a staircase to the Orcish Mines.
 15970 | D:10     | Learned a level 6 spell: Conjure Ball Lightning
 16153 | D:10     | Reached skill level 11 in Spellcasting
 16163 | D:10     | Reached XP level 11. HP: 63/63 MP: 13/28
 16397 | D:10     | Noticed a skeletal warrior
 16416 | D:10     | Killed a skeletal warrior
 16655 | D:10     | Noticed a storm dragon
 16686 | D:11     | Reached skill level 1 in Earth Magic
 16803 | D:11     | Found a staircase to the Lair.
 16804 | D:11     | Noticed a two-headed ogre
 17157 | D:11     | Killed a two-headed ogre
 17157 | D:11     | Reached skill level 5 in Conjurations
 17455 | D:11     | Lost mutation: Your body sometimes deteriorates upon taking damage. [potion of mutation]
 17455 | D:11     | Lost mutation: You are robust. (+10% HP) [potion of mutation]
 17455 | D:11     | Lost mutation: You are partially covered in iridescent scales. (AC +2) [potion of mutation]
 17455 | D:11     | Gained mutation: Armour fits poorly on your strangely shaped body. [potion of mutation]
 17455 | D:11     | Gained mutation: Your natural rate of healing is unusually fast. [potion of mutation]
 17633 | D:11     | Reached skill level 5 in Evocations
 18117 | D:11     | Identified the +5 scale mail "Dinumi" {rC+} (You found it on level 10 of the Dungeon)
 18162 | Lair:1   | Entered Level 1 of the Lair of Beasts
 18311 | Lair:1   | Noticed an oklob plant
 18817 | Lair:1   | Found a radiant altar of Vehumet.
 18947 | Lair:1   | Noticed a seven-headed hydra
 18994 | Lair:1   | Killed a seven-headed hydra
 19039 | Lair:1   | Offered knowledge of Force Lance by Vehumet.
 19218 | Lair:1   | You fall through a shaft!
 19319 | Lair:2   | Reached skill level 12 in Spellcasting
 19439 | Lair:2   | You fall through a shaft!
 19645 | Lair:3   | Found a dark tunnel.
 19668 | Volcano  | Entered a volcano
 19693 | Volcano  | Noticed a hell knight
 19709 | Volcano  | Noticed a centaur warrior
 19723 | Volcano  | Killed a centaur warrior
 19733 | Volcano  | Killed a hell knight
 19939 | Volcano  | Reached XP level 12. HP: 60/64 MP: 30/30
 19993 | Lair:3   | Identified a +0 pair of boots of running (You found it in a volcano)
 20352 | Lair:3   | Found a hole to the Spider Nest.
 20534 | Lair:3   | Noticed a four-headed hydra
 20564 | Lair:3   | Killed a four-headed hydra
 20832 | Lair:2   | Noticed a four-headed hydra
 20840 | Lair:2   | Killed a four-headed hydra
 20840 | Lair:2   | Reached skill level 5 in Earth Magic
 20980 | Lair:2   | Reached skill level 13 in Spellcasting
 21102 | Lair:2   | Reached skill level 5 in Poison Magic
 21471 | Lair:2   | Noticed Saba's ghost (journeyman SpAs)
 21480 | Lair:2   | Killed Saba's ghost
 22356 | Lair:4   | Noticed a six-headed hydra
 22362 | Lair:4   | Killed a six-headed hydra
 22526 | Lair:4   | Found a frozen archway.
 22582 | IceCv    | Entered an ice cave
 22611 | IceCv    | Reached skill level 14 in Spellcasting
 22912 | IceCv    | Noticed an ice dragon
 22913 | IceCv    | Noticed an ice dragon
 22935 | IceCv    | Killed an ice dragon
 22935 | IceCv    | Killed an ice dragon
 23297 | Lair:4   | Reached skill level 10 in Summonings
 23316 | Lair:4   | Reached XP level 13. HP: 68/68 MP: 33/33
 23378 | Lair:4   | Offered knowledge of Ozocubu's Refrigeration by Vehumet.
 23394 | Lair:4   | Learned a level 6 spell: Ozocubu's Refrigeration
 23412 | Lair:4   | Found a staircase to the Swamp.
 24151 | Lair:5   | Reached skill level 1 in Transmutations
 24165 | Lair:5   | Reached skill level 1 in Fire Magic
 24418 | Lair:5   | Noticed Rupert
 24440 | Lair:5   | Paralysed by Rupert for 6 turns
 24448 | Lair:5   | Killed Rupert
 24611 | Lair:5   | Reached skill level 15 in Spellcasting
 24643 | Lair:5   | Found a glowing golden altar of the Shining One.
 24689 | Lair:6   | Entered Level 6 of the Lair of Beasts
 25019 | Lair:6   | Got an ivory glaive
 25020 | Lair:6   | Identified the +1 glaive "Macsyahi" {chop, Dex+6} (You found it on level 6 of the Lair of Beasts)
 25264 | Lair:6   | Noticed a dire elephant
 25274 | Lair:6   | Offered knowledge of Venom Bolt by Vehumet.
 25281 | Lair:6   | Learned a level 5 spell: Venom Bolt
 25445 | Lair:6   | Killed a dire elephant
 25665 | Lair:6   | Reached XP level 14. HP: 54/72 MP: 15/35
 26467 | Orc:1    | Entered Level 1 of the Orcish Mines
 26469 | Orc:1    | Noticed Nergalle
 26475 | Orc:1    | Killed Nergalle
 26758 | Orc:2    | Entered Level 2 of the Orcish Mines
 26758 | Orc:2    | Found a staircase to the Elven Halls.
 26782 | Orc:2    | Reached skill level 16 in Spellcasting
 27619 | Orc:2    | Noticed Saint Roka
 27626 | Orc:2    | Reached ****** piety under Vehumet
 27635 | Orc:2    | Killed Saint Roka
 27759 | Orc:2    | Offered knowledge of Spellforged Servitor by Vehumet.
 27769 | Orc:2    | Learned a level 7 spell: Spellforged Servitor
 27899 | Orc:2    | Found Qeomon's Antique Weapon Emporium.
 27899 | Orc:2    | Found Micoxker's Weapon Shop.
 27900 | Orc:2    | Found Bicoluin's General Store.
 27900 | Orc:2    | Found Bydwics's Weapon Shoppe.
 28380 | Orc:2    | Bought a book of Ice for 715 gold pieces
 28380 | Orc:2    | Bought the +0 Maxwell's etheric cage {RegenMP+ *Contam rElec MP+4} for 440 gold pieces
 28380 | Orc:2    | Found the +0 Maxwell's etheric cage {RegenMP+ *Contam rElec MP+4}
 28401 | Orc:1    | Found a shimmering altar of Xom.
 28401 | Orc:1    | Noticed Erica
 28470 | Elf:1    | Entered Level 1 of the Elven Halls
 28481 | Elf:1    | Shot with an arrow by a deep elf archer

Skill      XL: |  1  2  3  4  5  6  7  8  9 10 11 12 13 14 |
---------------+-------------------------------------------+-----
Stealth        | 3 4 5 6 7 |  7.0
Short Blades   | 1 2 |  2.7
Fighting       | 1 2 |  2.7
Dodging        | 3 4 5 6 |  6.2
Summonings     | 5 6 7 8 9 10 | 10.5
Spellcasting   | 4 5 6 8 9 11 12 14 15 16 | 16.8
Throwing       | 1 |  1.6
Air Magic      | 2 3 4 5 6 7 8 |  8.3
Hexes          | 1 2 |  2.3
Ice Magic      | 3 5 6 7 |  7.6
Conjurations   | 2 4 6 7 8 9 |  9.9
Evocations     | 3 4 5 6 8 |  8.2
Polearms       | 1 |  1.9
Poison Magic   | 3 4 5 6 7 |  7.8
Earth Magic    | 4 7 8 |  8.3
Transmutations | 1 2 |  2.9
Fire Magic     | 2 3 |  3.2

Action                   |  1- 3 |  4- 6 |  7- 9 | 10-12 | 13-15 || total
-------------------------+-------+-------+-------+-------+-------++-------
Melee: Dagger            |   116 |    83 |    14 |    31 |    20 ||   264
       Unarmed           |     7 |       |       |       |       ||     7
       Short sword       |     6 |    33 |    34 |    16 |       ||    89
       Spear             |       |     5 |   106 |   103 |     8 ||   222
       Halberd           |       |       |    10 |       |       ||    10
       Demon whip        |       |       |       |    18 |       ||    18
       Quick blade       |       |       |       |     4 |       ||     4
Throw: Stone             |     4 |       |       |       |       ||     4
       Javelin           |     7 |     9 |     8 |     2 |       ||    26
       Tomahawk          |       |       |     2 |    10 |     3 ||    15
 Cast: Summon Small Mamm |    17 |     9 |     3 |       |       ||    29
       Call Imp          |    10 |    27 |    58 |    31 |     1 ||   127
       Call Canine Famil |     6 |    24 |    38 |    30 |    31 ||   129
       Shock             |       |    67 |    98 |   195 |   121 ||   481
       Summon Guardian G |       |     4 |    13 |       |       ||    17
       Freeze            |       |       |     4 |     2 |    13 ||    19
       Summon Lightning  |       |       |    22 |    28 |    18 ||    68
       Summon Ice Beast  |       |       |     4 |    14 |     7 ||    25
       Mephitic Cloud    |       |       |     2 |   111 |   109 ||   222
       Stone Arrow       |       |       |     1 |   154 |   237 ||   392
       Ignite Poison     |       |       |       |    49 |    65 ||   114
       Conjure Ball Ligh |       |       |       |     1 |     3 ||     4
       Venom Bolt        |       |       |       |       |    30 ||    30
       Ozocubu's Refrige |       |       |       |       |     1 ||     1
       Spellforged Servi |       |       |       |       |     1 ||     1
Evoke: Wand              |       |       |       |     3 |     4 ||     7
  Use: Scroll            |       |     5 |    11 |    16 |     7 ||    39
       Potion            |       |     2 |     2 |     9 |     3 ||    16
 Stab: Distracted        |     1 |     1 |     2 |     2 |       ||     6
       Sleeping          |     5 |     7 |     6 |     4 |     1 ||    23
       Confused          |       |       |     1 |     2 |     1 ||     4
  Eat: Chunk             |     5 |    10 |     7 |    16 |    17 ||    55
       Ration            |       |     3 |     4 |     4 |       ||    11
Armor: Robe              |    36 |    25 |    36 |    21 |     6 ||   124
Dodge: Dodged            |    70 |    79 |   106 |    82 |    65 ||   402
Block: Other             |       |       |       |     1 |       ||     1
       Reflection        |       |       |       |     1 |       ||     1
